TOP OF THE 1ST |
Culver City Extras batting - Pitching for Riverside Red Bulls : RHP Emery Graham
|
Pitching: RHP Emery Graham
|
|
Batting: RHB Augusto Trevino
|
0-0: Ball 1-0: Foul Ball, location: 2F 1-1: Ball 2-1: Foul Ball, location: 2F 2-2: Ball 3-2: Ground out 6-3 (Groundball, 6S)
|
Batting: RHB Horace Johnson
|
0-0: Called Strike 0-1: Ball 1-1: Ball 2-1: Ball 3-1: Called Strike 3-2: Foul Ball, location: 2F 3-2: Foul Ball, location: 2F 3-2: Foul Ball, location: 2F 3-2: Base on Balls
|
Batting: RHB Ramón Molina
|
0-0: Called Strike Horace Johnson steals 2nd base 0-1: Ball 1-1: Ball 2-1: Foul Ball, location: 2F 2-2: SINGLE (Line Drive, 4D) Horace Johnson to third
|
Batting: RHB Cooper Richard
|
0-0: Ball 1-0: Called Strike 1-1: Called Strike 1-2: Grounds into double play, 6-4-3 (Groundball, 6)
|
Top of the 1st over - 0 run(s), 1 hit(s), 0 error(s), 1 left on base; Culver City 0 - Riverside 0 |
BOTTOM OF THE 1ST |
Riverside Red Bulls batting - Pitching for Culver City Extras : LHP Luis Perea
|
Pitching: LHP Luis Perea
|
|
Batting: RHB Kevin Brown
|
0-0: Ball 1-0: Foul Ball, location: 2F 1-1: Ball 2-1: Ball 3-1: Base on Balls
|
Batting: RHB José Vázquez
|
0-0: Called Strike 0-1: Called Strike 0-2: Ball 1-2: Ball Wild Pitch! Kevin Brown to second 2-2: Foul Ball, location: 2F 2-2: Foul Ball, location: 2F 2-2: Ball 3-2: Fly out, F3 (Line Drive, 3L)
|
Batting: RHB Pedro Mata
|
0-0: Ball 1-0: Ball 2-0: Ball 3-0: Called Strike 3-1: Base on Balls
|
Batting: RHB Fernando Bórquez
|
0-0: Called Strike 0-1: Ball 1-1: Ball 2-1: SINGLE (Groundball, 6MD) Kevin Brown to third Pedro Mata to second Runner from 3rd tries for Home, SAFE, no throw
|
Batting: RHB Brandon Pope
|
0-0: Ball 1-0: Swinging Strike 1-1: Ball 2-1: Ball 3-1: SINGLE (Flyball, 8LS) Pedro Mata to third Fernando Bórquez to second Runner from 3rd tries for Home, SAFE, no throw
|
Batting: SHB Walt Simmons
|
0-0: 3-RUN HOME RUN (Flyball, 8RXD), Distance : 432 ft
|
Batting: RHB Marcos Hernández
|
0-0: Called Strike 0-1: Ball 1-1: Ground out 6-3 (Groundball, 6)
|
Batting: LHB Mike Petersen
|
0-0: Ball 1-0: Ball 2-0: Ball 3-0: Called Strike 3-1: Foul Ball, location: 2F 3-2: Fly out, F3 (Popup, 3L)
|
Bottom of the 1st over - 5 run(s), 3 hit(s), 0 error(s), 0 left on base; Culver City 0 - Riverside 5 |
TOP OF THE 2ND |
Culver City Extras batting - Pitching for Riverside Red Bulls : RHP Emery Graham
|
Batting: LHB Brian Ford
|
0-0: Called Strike 0-1: Ball 1-1: Called Strike 1-2: SINGLE (Line Drive, 9S)
|
Batting: RHB Ryan Parrish
|
0-0: Ball 1-0: Called Strike 1-1: Fielders Choice at 2nd, 6-4 (Groundball, 6)
|
Batting: RHB Tony Cruz
|
0-0: Ball 1-0: Ball 2-0: Ball 3-0: Base on Balls Ryan Parrish to second
|
Batting: LHB Richard Bell
|
0-0: Ball 1-0: Called Strike 1-1: Ball 2-1: Grounds out, U3 (Groundball, 3L) Ryan Parrish to third
|
Batting: LHB Nick English
|
0-0: Ball 1-0: Called Strike 1-1: Called Strike 1-2: Ball 2-2: Foul Ball, location: 2F 2-2: DOUBLE (Line Drive, 78M) Ryan Parrish scores Tony Cruz scores
|
Batting: RHB Augusto Trevino
|
0-0: Called Strike 0-1: Ball 1-1: Ball 2-1: Ball 3-1: Base on Balls
|
Batting: RHB Horace Johnson
|
0-0: Swinging Strike 0-1: Ball 1-1: Called Strike 1-2: Ball 2-2: Foul Ball, location: 2F 2-2: DOUBLE (Line Drive, 89D) Nick English scores Augusto Trevino to third
|
Batting: RHB Ramón Molina
|
0-0: Foul Ball, location: 2F 0-1: Ball 1-1: Ball 2-1: Foul Ball, location: 2F 2-2: Foul Ball, location: 2F 2-2: Ball 3-2: Foul Ball, location: 2F 3-2: Fly out, F9 (Flyball, 89S)
|
Top of the 2nd over - 3 run(s), 3 hit(s), 0 error(s), 2 left on base; Culver City 3 - Riverside 5 |
BOTTOM OF THE 2ND |
Riverside Red Bulls batting - Pitching for Culver City Extras : LHP Luis Perea
|
Batting: LHB José Arce
|
0-0: Swinging Strike 0-1: Ball 1-1: Foul Ball, location: 2F 1-2: Strikes out swinging
|
Batting: RHB Kevin Brown
|
0-0: Called Strike 0-1: Called Strike 0-2: Strikes out swinging
|
Batting: RHB José Vázquez
|
0-0: Ball 1-0: Called Strike 1-1: SINGLE (Groundball, 4MD) (infield hit)
|
Batting: RHB Pedro Mata
|
0-0: Called Strike 0-1: Ball 1-1: SINGLE (Line Drive, 7LS) José Vázquez to second
|
Batting: RHB Fernando Bórquez
|
0-0: Ball 1-0: Called Strike 1-1: Swinging Strike 1-2: Fly out, F6 (Popup, 6MD)
|
Bottom of the 2nd over - 0 run(s), 2 hit(s), 0 error(s), 2 left on base; Culver City 3 - Riverside 5 |
TOP OF THE 3RD |
Culver City Extras batting - Pitching for Riverside Red Bulls : RHP Emery Graham
|
Batting: RHB Cooper Richard
|
0-0: Reached on error, E6 (Groundball, 6)
|
Batting: LHB Brian Ford
|
0-0: Called Strike 0-1: Hit by Pitch Cooper Richard to second
|
Batting: RHB Ryan Parrish
|
0-0: Ball 1-0: Ball 2-0: Called Strike 2-1: Ball 3-1: Base on Balls Cooper Richard to third Brian Ford to second
|
Batting: RHB Tony Cruz
|
0-0: Swinging Strike 0-1: Ball 1-1: Ball 2-1: Foul Ball, location: 2F 2-2: Fly out, F7 (Flyball, 7) Runner from 3rd tags up, SCORES, no throw
|
Batting: LHB Richard Bell
|
0-0: Grounds into double play, 1-6-3 (Groundball, 13S)
|
Top of the 3rd over - 1 run(s), 0 hit(s), 1 error(s), 1 left on base; Culver City 4 - Riverside 5 |
BOTTOM OF THE 3RD |
Riverside Red Bulls batting - Pitching for Culver City Extras : LHP Luis Perea
|
Batting: RHB Brandon Pope
|
0-0: Ball 1-0: Ball 2-0: Ball 3-0: Called Strike 3-1: Foul Ball, location: 2F 3-2: Base on Balls
|
Batting: SHB Walt Simmons
|
0-0: Called Strike 0-1: Called Strike 0-2: Foul Ball, location: 2F 0-2: Ball 1-2: Strikes out swinging
|
Batting: RHB Marcos Hernández
|
0-0: Ball 1-0: Foul Ball, location: 2F 1-1: Ball 2-1: Foul Ball, location: 2F 2-2: Fielders Choice at 2nd, 5-4 (Groundball, 56)
|
Batting: LHB Mike Petersen
|
0-0: Fly out, F7 (Line Drive, 7)
|
Bottom of the 3rd over - 0 run(s), 0 hit(s), 0 error(s), 1 left on base; Culver City 4 - Riverside 5 |
TOP OF THE 4TH |
Culver City Extras batting - Pitching for Riverside Red Bulls : RHP Emery Graham
|
Batting: LHB Nick English
|
0-0: Ball 1-0: Called Strike 1-1: Foul Ball, location: 2F 1-2: Fly out, F3 (Popup, 3S)
|
Batting: RHB Augusto Trevino
|
0-0: Ball 1-0: Ball 2-0: Foul Ball, location: 2F 2-1: Foul Ball, location: 2F 2-2: Ball 3-2: Foul Ball, location: 2F 3-2: SINGLE (Groundball, 4D)
|
Pitching: RHP Gene Whitley
|
|
Batting: RHB Horace Johnson
|
0-0: Called Strike Augusto Trevino steals 2nd base 0-1: Called Strike 0-2: Foul Ball, location: 2F 0-2: Ball 1-2: Ball 2-2: Strikes out swinging
|
Batting: RHB Ramón Molina
|
0-0: Ball 1-0: Swinging Strike 1-1: Called Strike 1-2: Ball 2-2: Ball 3-2: Strikes out looking
|
Top of the 4th over - 0 run(s), 1 hit(s), 0 error(s), 1 left on base; Culver City 4 - Riverside 5 |
BOTTOM OF THE 4TH |
Riverside Red Bulls batting - Pitching for Culver City Extras : LHP Luis Perea
|
Batting: LHB José Arce
|
0-0: Called Strike 0-1: Ball 1-1: Foul Ball, location: 2F 1-2: Fly out, F5 (Popup, 5L)
|
Batting: RHB Kevin Brown
|
0-0: Swinging Strike 0-1: Ball 1-1: Called Strike 1-2: Strikes out swinging
|
Batting: RHB José Vázquez
|
0-0: Ball 1-0: Foul Ball, location: 2F 1-1: Foul Ball, location: 2F 1-2: Foul Ball, location: 2F 1-2: Ball 2-2: Strikes out swinging
|
Bottom of the 4th over - 0 run(s), 0 hit(s), 0 error(s), 0 left on base; Culver City 4 - Riverside 5 |
TOP OF THE 5TH |
Culver City Extras batting - Pitching for Riverside Red Bulls : RHP Gene Whitley
|
Batting: RHB Cooper Richard
|
0-0: Called Strike 0-1: Ball 1-1: Fly out, F7 (Flyball, 78M)
|
Batting: LHB Brian Ford
|
0-0: Ball 1-0: Ball 2-0: Ball 3-0: Called Strike 3-1: Foul Ball, location: 2F 3-2: Base on Balls
|
Batting: RHB Ryan Parrish
|
0-0: Swinging Strike 0-1: Ball 1-1: Ball 2-1: Ball 3-1: Base on Balls Brian Ford to second
|
Batting: RHB Tony Cruz
|
0-0: Called Strike 0-1: Ball 1-1: Foul Ball, location: 2F 1-2: Foul Ball, location: 2F 1-2: Strikes out swinging
|
Batting: LHB Richard Bell
|
0-0: Ball 1-0: SINGLE (Line Drive, 4D) Brian Ford to third Ryan Parrish to second
|
Batting: LHB Nick English
|
0-0: Called Strike 0-1: Ball 1-1: Ball 2-1: Foul Ball, location: 2F 2-2: Ball 3-2: Strikes out swinging
|
Top of the 5th over - 0 run(s), 1 hit(s), 0 error(s), 3 left on base; Culver City 4 - Riverside 5 |
BOTTOM OF THE 5TH |
Riverside Red Bulls batting - Pitching for Culver City Extras : LHP Luis Perea
|
Pitching: RHP Tyler Kirkland
|
|
Batting: RHB Pedro Mata
|
0-0: Called Strike 0-1: Ball 1-1: Foul Ball, location: 2F 1-2: Ball 2-2: Ball 3-2: Foul Ball, location: 2F 3-2: Ground out 6-3 (Groundball, 6)
|
Batting: RHB Fernando Bórquez
|
0-0: Ball 1-0: Swinging Strike 1-1: Foul Ball, location: 2F 1-2: Strikes out swinging
|
Batting: RHB Brandon Pope
|
0-0: Foul Ball, location: 2F 0-1: Swinging Strike 0-2: Strikes out swinging, 2-3 out at first.
|
Bottom of the 5th over - 0 run(s), 0 hit(s), 0 error(s), 0 left on base; Culver City 4 - Riverside 5 |
TOP OF THE 6TH |
Culver City Extras batting - Pitching for Riverside Red Bulls : RHP Gene Whitley
|
Batting: RHB Augusto Trevino
|
0-0: Ball 1-0: Ball 2-0: Ball 3-0: Base on Balls
|
Pitching: RHP Ricardo López
|
|
Batting: RHB Horace Johnson
|
0-0: Ball Augusto Trevino steals 2nd base 1-0: Foul Ball, location: 2F 1-1: Ball 2-1: Reached on error, E3 (Groundball, 34) Augusto Trevino to third
|
Batting: RHB Ramón Molina
|
0-0: Ball Horace Johnson is caught stealing 2nd base 1-0: Ball 2-0: Called Strike 2-1: Ball 3-1: Called Strike 3-2: Foul Ball, location: 2F 3-2: Base on Balls
|
Batting: RHB Cooper Richard
|
0-0: Called Strike 0-1: Fly out, F8 (Flyball, 8LXD) Runner from 3rd tags up, SCORES, no throw
|
Batting: LHB Brian Ford
|
0-0: Ball 1-0: Called Strike 1-1: Ball 2-1: SINGLE (Groundball, 4D) Ramón Molina to second Runner from 2nd tries for 3rd, SAFE, throw made to third
|
Batting: RHB Ryan Parrish
|
0-0: Ground out 5-3 (Groundball, 5S)
|
Top of the 6th over - 1 run(s), 1 hit(s), 1 error(s), 2 left on base; Culver City 5 - Riverside 5 |
BOTTOM OF THE 6TH |
Riverside Red Bulls batting - Pitching for Culver City Extras : RHP Tyler Kirkland
|
Batting: SHB Walt Simmons
|
0-0: Swinging Strike 0-1: Foul Ball, location: 2F 0-2: Ball 1-2: Strikes out looking
|
Batting: RHB Marcos Hernández
|
0-0: Ball 1-0: Ball 2-0: Foul Ball, location: 2F 2-1: Called Strike 2-2: Ball 3-2: Foul Ball, location: 2F 3-2: Fly out, F7 (Line Drive, 7LM)
|
Batting: LHB Mike Petersen
|
0-0: Called Strike 0-1: Ball 1-1: DOUBLE (Line Drive, 8LXD)
|
Batting: LHB José Arce
|
0-0: Ball 1-0: Ball 2-0: Ball 3-0: Called Strike 3-1: Base on Balls
|
Batting: RHB Kevin Brown
|
0-0: Foul Ball, location: 2F 0-1: Ball 1-1: Foul Ball, location: 2F 1-2: Ball 2-2: Ball 3-2: Strikes out swinging
|
Bottom of the 6th over - 0 run(s), 1 hit(s), 0 error(s), 2 left on base; Culver City 5 - Riverside 5 |
TOP OF THE 7TH |
Culver City Extras batting - Pitching for Riverside Red Bulls : RHP Ricardo López
|
Batting: RHB Tony Cruz
|
0-0: Called Strike 0-1: Ball 1-1: Ball 2-1: Fly out, F6 (Popup, 6D)
|
Batting: LHB Richard Bell
|
0-0: Foul Ball, location: 2F 0-1: Ground out 6-3 (Groundball, 6)
|
Batting: LHB Nick English
|
0-0: Called Strike 0-1: Foul Ball, location: 2F 0-2: Ball 1-2: Ball 2-2: Strikes out swinging
|
Top of the 7th over - 0 run(s), 0 hit(s), 0 error(s), 0 left on base; Culver City 5 - Riverside 5 |
BOTTOM OF THE 7TH |
Riverside Red Bulls batting - Pitching for Culver City Extras : RHP Tyler Kirkland
|
Batting: RHB José Vázquez
|
0-0: Ball 1-0: Ball 2-0: Called Strike 2-1: Ball 3-1: Called Strike 3-2: Base on Balls
|
Batting: RHB Pedro Mata
|
0-0: Hit by Pitch José Vázquez to second
|
Batting: RHB Fernando Bórquez
|
0-0: Called Strike 0-1: Ball 1-1: Ball 2-1: Fly out, F5 (Popup, 56S)
|
Pitching: LHP Cliff Williams
|
|
Batting: RHB Brandon Pope
|
0-0: Called Strike 0-1: Ball 1-1: Foul Ball, location: 2F 1-2: Ball 2-2: Ball 3-2: Foul Ball, location: 2F 3-2: Base on Balls José Vázquez to third Pedro Mata to second
|
Batting: SHB Walt Simmons
|
0-0: Ball 1-0: Ball 2-0: Ball 3-0: Base on Balls José Vázquez scores Pedro Mata to third Brandon Pope to second
|
Batting: RHB Marcos Hernández
|
0-0: Swinging Strike 0-1: Fly out, F9 (Flyball, 9) Runner from 3rd tags up, SCORES, throw made
|
Batting: LHB Mike Petersen
|
0-0: Fly out, F4 (Popup, 3D)
|
Bottom of the 7th over - 2 run(s), 0 hit(s), 0 error(s), 2 left on base; Culver City 5 - Riverside 7 |
TOP OF THE 8TH |
Culver City Extras batting - Pitching for Riverside Red Bulls : RHP Ricardo López
|
Batting: RHB Augusto Trevino
|
0-0: Ball 1-0: Fly out, F9 (Flyball, 9LS)
|
Batting: RHB Horace Johnson
|
0-0: Called Strike 0-1: Ball 1-1: Fly out, F9 (Flyball, 89M)
|
Batting: RHB Ramón Molina
|
0-0: Ball 1-0: SINGLE (Groundball, 6MD)
|
Pitching: RHP José López
|
|
Pinch Runner at 1st Lawrence Steward:
|
|
Batting: RHB Cooper Richard
|
0-0: Called Strike 0-1: Swinging Strike 0-2: Fielders Choice at 2nd, 6-4 (Groundball, 56)
|
Top of the 8th over - 0 run(s), 1 hit(s), 0 error(s), 0 left on base; Culver City 5 - Riverside 7 |
BOTTOM OF THE 8TH |
Riverside Red Bulls batting - Pitching for Culver City Extras : LHP Cliff Williams
|
Now at 1B: Jesús Lara
|
|
Batting: LHB José Arce
|
0-0: Ground out 1-3 (Groundball, P)
|
Batting: RHB Kevin Brown
|
0-0: Called Strike 0-1: Ball 1-1: Ground out 1-3 (Groundball, 15S)
|
Batting: RHB José Vázquez
|
0-0: Ball 1-0: Ball 2-0: Ball 3-0: Called Strike 3-1: Called Strike 3-2: Foul Ball, location: 2F 3-2: Foul Ball, location: 2F 3-2: Base on Balls
|
Batting: RHB Pedro Mata
|
0-0: Ball 1-0: Foul Ball, location: 2F 1-1: Ball 2-1: Foul Ball, location: 2F 2-2: Foul Ball, location: 2F 2-2: Ball 3-2: Foul Ball, location: 2F 3-2: Base on Balls José Vázquez to second
|
Batting: RHB Fernando Bórquez
|
0-0: Swinging Strike 0-1: Ball 1-1: Ball 2-1: Swinging Strike 2-2: Fielders Choice at 2nd, 6-4 (Groundball, 6)
|
Bottom of the 8th over - 0 run(s), 0 hit(s), 0 error(s), 1 left on base; Culver City 5 - Riverside 7 |
TOP OF THE 9TH |
Culver City Extras batting - Pitching for Riverside Red Bulls : RHP José López
|
Pitching: LHP Sean Yarbrough
|
|
Batting: LHB Brian Ford
|
0-0: Ball 1-0: Foul Ball, location: 2F 1-1: Swinging Strike 1-2: Ground out 6-3 (Groundball, 6M)
|
Batting: RHB Ryan Parrish
|
0-0: SOLO HOME RUN (Flyball, 7D), Distance : 413 ft
|
Batting: RHB Tony Cruz
|
0-0: Ball 1-0: Foul Ball, location: 2F 1-1: Called Strike 1-2: Ball 2-2: Strikes out swinging
|
Pinch Hitting: RHB Ben Alexander
|
0-0: Called Strike 0-1: Fly out, F3 (Line Drive, 34S)
|
Top of the 9th over - 1 run(s), 1 hit(s), 0 error(s), 0 left on base; Culver City 6 - Riverside 7 |
|